 Dungeon Crawl Stone Soup version 0.31.0-9-g3a7656b989 (webtiles) character file.

Game seed: 17308956971774775275

108 qw the Skirmisher (level 4, -4/25 HPs)
             Began as a Deep Elf Hunter on Feb 2, 2024.
             Incinerated by a bombardier beetle (5 damage)
             ... with a burning spray
             ... on level 2 of the Dungeon.
             The game lasted 00:00:05 (1483 turns).

qw the Skirmisher (Deep Elf Hunter)                 Turns: 1483, Time: 00:00:05

Health: -4/25      AC:  3    Str: 10    XL:     4   Next: 58%
Magic:  0/6        EV: 12    Int: 14    God:
Gold:   74         SH:  0    Dex: 18    Spells: 3/3 levels left

rFire   . . .        a - +0 shortbow
rCold   . . .        (shield currently unavailable)
rNeg    . . .        c - +0 leather armour
rPois   .            (no helmet)
rElec   .            (no cloak)
rCorr   .            (no gloves)
SInv    .            (no boots)
Will    .....        e - amulet of guardian spirit
Stlth   +            (no ring)
HPRegen 0.24/turn    (no ring)
MPRegen 0.10/turn

%: guardian spirit
@: on fire, glowing
A: no striking features
a: no special abilities


You were on level 2 of the Dungeon.
You visited 1 branch of the dungeon, and saw 2 of its levels.

You collected 74 gold pieces.


   Skills:
 - Level 1.5 Fighting
 + Level 8.0 Ranged Weapons
 - Level 2.4 Dodging
 - Level 1.2 Stealth


You had 3 spell levels left.
You didn't know any spells.
Your spell library was empty.

Inventory:

Hand Weapons
 a - a +0 shortbow (weapon)
Armour
 c - a +0 leather armour (worn)
Jewellery
 e - an amulet of guardian spirit (around neck)
Scrolls
 f - a scroll of identify {unknown}
 h - 2 scrolls of teleportation
 i - a scroll of poison {unknown}
Potions
 b - a potion of curing {unknown}
 d - a potion of attraction {unknown}
 g - a potion of magic {unknown}
 j - a potion of mutation {unknown}

Dungeon Overview and Level Annotations

Branches:
Dungeon (2/15)

Altars:


Message History

You shoot an arrow. The arrow hits the bombardier beetle!
The bombardier beetle is severely wounded.
The bombardier beetle sprays incendiary fluid at you.
The burning spray hits you.
You are covered in liquid fire!
You shoot an arrow. The arrow hits the bombardier beetle.
The bombardier beetle is almost dead.
The liquid fire burns you!
The bombardier beetle sprays incendiary fluid at you.
The burning spray hits you.
You are even more covered in liquid fire!
You shoot an arrow.
The arrow barely misses the bombardier beetle.
The liquid fire burns you!
You shoot an arrow.
The arrow hits the bombardier beetle but does no damage.
The bombardier beetle is almost dead.
The liquid fire burns you!
The bombardier beetle sprays incendiary fluid at you.
The burning spray misses you.
You shoot an arrow.
The arrow completely misses the bombardier beetle.
The liquid fire burns you!
You shoot an arrow. The arrow hits the bombardier beetle.
You kill the bombardier beetle!
The liquid fire burns you!
Your Ranged Weapons skill increases to level 8!
You are on fire!
The liquid fire burns you!
You are on fire!
The liquid fire burns you!
You are on fire!
The liquid fire burns you!
You are on fire!
The liquid fire burns you!
You are on fire!
The liquid fire burns you!
You are on fire!
The liquid fire burns you!
You die...

......####..........#
#..# #... ......#
#..........#
##.###### ......#
#.....#.#### #..#
........ #.....#.#
##.###
##.###...#.....#.#
#...### #.#
...#.....#.# ##<....
#.. .........#.#
###.## ##
...#.....#.# #...
#######.#@# ##.#
#...%...... #..
#.......... #..
#.......... #..
#.......... #..
#.......... #.#
#.......... #.#
#.......... #.# #.


There were no monsters in sight!

Vanquished Creatures
  A bombardier beetle (D:2)
  Terence (D:2)
  An adder (D:2)
  5 bats
  4 endoplasms
  2 giant cockroaches (D:1)
  5 goblins
  5 hobgoblins
  2 jackals (D:1)
  2 kobolds
  A quokka (D:1)
  3 ball pythons
  3 frilled lizards
  3 rats (D:1)
38 creatures vanquished.

Notes
Turn   | Place    | Note
-------+----------+-------------------------------------------
     0 | D:1      | qw the Deep Elf Hunter began the quest for the Orb.
     0 | D:1      | Reached XP level 1. HP: 12/12 MP: 3/3
     0 | D:1      | 0 ||| qw: Version: 0.3-a-155-g5e7d8dd
     0 | D:1      | 0 ||| qw: Game counter: 2421
     0 | D:1      | 0 ||| qw: Melee chars always use a shield: true
     0 | D:1      | 0 ||| qw: God list: Okawaru
     0 | D:1      | 0 ||| qw: Allow faded altars: false
     0 | D:1      | 0 ||| qw: Do Orc after clearing Dungeon:15 true
     0 | D:1      | 0 ||| qw: Do second Lair branch before Depths: true
     0 | D:1      | 0 ||| qw: Lair rune preference: random
     0 | D:1      | 0 ||| qw: Goals: Normal
     0 | D:1      | 0 ||| PLANNING D:1-11
   107 | D:1      | Reached XP level 2. HP: 16/16 MP: 4/4
   147 | D:1      | Reached skill level 6 in Ranged Weapons
   691 | D:1      | Reached XP level 3. HP: 20/20 MP: 5/5
   894 | D:1      | 894 ||| UPGRADING to amulet of guardian spirit.
   904 | D:1      | 904 ||| READING 2 scrolls labelled HOIPRESAEN.
   905 | D:1      | 905 ||| READING 2 scrolls labelled RASMOCHUBET.
   913 | D:1      | 913 ||| READING scroll labelled CUPPER FYNK.
   914 | D:1      | 914 ||| DROPPING scroll of butterflies.
   915 | D:1      | 915 ||| DROPPING scroll of blinking.
  1229 | D:2      | Noticed Terence
  1246 | D:2      | Killed Terence
  1247 | D:2      | Reached skill level 7 in Ranged Weapons
  1408 | D:2      | Identified the +7 chain mail of Caneshom {^Contam rC++
                  | Int+5}
  1469 | D:2      | Reached XP level 4. HP: 25/25 MP: 6/6
  1478 | D:2      | Reached skill level 8 in Ranged Weapons
  1481 | D:2      | HP: 4/25 [burnt (4)]
  1482 | D:2      | HP: 1/25 [burnt (3)]
  1483 | D:2      | Incinerated by a bombardier beetle

Levels and vault maps discovered:
D:1:      roadster_arrival_rocket_large, layout_basic, feat_on_display
D:2:      layout_basic, amcnicky_mini_pool_small, minmay_cut_off, uniq_terence

Skill      XL: |  1  2  3  4 |
---------------+-------------+-----
Ranged Weapons | 6 7 8 |  8.0
Fighting       | |  1.5
Dodging        | |  2.4
Stealth        | |  1.2

Action                     |  1- 3 |  4- 6 || total
---------------------------+-------+-------++-------
   Fire: Shortbow          |   109 |     9 ||   118
    Use: Scroll            |     3 |       ||     3
 Armour: Leather armour    |    22 |       ||    22
  Dodge: Dodged            |    26 |     1 ||    27

Table legend:
 A = Non-vault XP
 B = Vault XP
 C = Vault XP percentage of total XP
 D = Non-vault monster count
 E = Vault monster count
 F = Vault count percentage of total count
                 A         B        C        D         E       F
            +---------+---------+-------+---------+---------+-------
      Total |     119 |      36 |  23.2 |      37 |       1 |   2.6
            +---------+---------+-------+---------+---------+-------
        D:1 |      44 |       0 |   0.0 |      26 |       0 |   0.0
        D:2 |      75 |      36 |  32.4 |      11 |       1 |   8.3
            +---------+---------+-------+---------+---------+-------
